AoeStats
← JOSEMI27

Fortress

508912638Analyzed
4v4 RM · 8d ago on Sep 24, 2026· 46m 13s· 8 players
Game mode
Random Map
Map size
Huge
Population
200
Speed
Normal
Resources
Standard
Victory
Conquest
Starting age
Dark Age
Ending age
Imperial Age
RankedLock teamsTeams togetherTeam positionsShared explorationLock speedFull tech treeHidden civsTurbo modeCheats
Victory
Defeat
🇨🇳 Magyars · China
1086
+12
🇨🇳 Danes · China
998
+16
🇨🇳 Sicilians · China
986
+16
🇳🇴 Vikings · Norway
972
+17
🇦🇷 Franks · Argentina
1030
-17
🇸🇪 Celts · Sweden
991
-15
🇪🇸 Khmer · Spain
990
-15
🇬🇧 Vietnamese · United Kingdom
974
-14
blankityblanko
7:33 Feudal Age
8:14 Double-Bit Axe
8:44 Horse Collar
9:18 Loom
9:23 Loom
9:55 Loom
10:40 Loom
13:47 Castle Age
12:52 Fletching
13:03 Padded Archer Armor
13:17 Gold Mining
16:29 Bow Saw
16:17 Stone Mining
18:39 Wheelbarrow
20:23 Town Watch
20:54 Hand Cart
23:26 Town Patrol
23:01 Crossbowman
25:36 Heavy Plow
30:12 Imperial Age
28:56 Ballistics
28:47 Masonry
28:48 Fortified Wall
28:56 Bodkin Arrow
30:40 Elite Rattan Archer
33:04 Paper Money
33:59 Two-Man Saw
34:00 Thumb Ring
35:02 Chemistry
33:46 Treadmill Crane
34:46 Leather Archer Armor
34:32 Bracer
36:13 Hoardings
38:40 Elite Skirmisher
41:31 Ring Archer Armor
42:20 Caravan
42:33 Guilds
42:54 Coinage
argentineau
6:42 Feudal Age
7:31 Double-Bit Axe
8:49 Gold Mining
11:30 Castle Age
12:56 Loom
13:32 Bow Saw
20:47 Wheelbarrow
20:00 Town Watch
21:21 Gold Shaft Mining
20:37 Stone Mining
21:48 Hand Cart
27:07 Imperial Age
25:32 Fortified Wall
27:29 Forging
27:25 Scale Barding Armor
27:20 Scale Mail Armor
28:54 Iron Casting
28:12 Fletching
28:22 Padded Archer Armor
28:05 Cavalier
28:46 Husbandry
30:07 Caravan
30:31 Paladin
32:42 Blast Furnace
32:02 Chain Barding Armor
38:06 Light Cavalry
JOSEMI27
7:58 Feudal Age
12:34 Castle Age
10:54 Horse Collar
11:03 Double-Bit Axe
21:01 Heavy Plow
21:50 Bow Saw
25:14 Scale Barding Armor
25:26 Forging
25:29 Loom
26:20 Wheelbarrow
29:48 Imperial Age
28:21 Gold Mining
29:17 Ballistics
28:33 Light Cavalry
29:14 Husbandry
30:38 Chain Barding Armor
30:54 Iron Casting
30:39 Bloodlines
32:08 Hussar
33:48 Gold Shaft Mining
35:52 Fortified Wall
36:43 Chemistry
38:30 Plate Barding Armor
38:19 Elite Ballista Elephant
42:14 Tusk Swords
43:26 Murder Holes
46:13 Double Crossbow
Mowei
8:04 Feudal Age
9:15 Double-Bit Axe
9:46 Gold Mining
12:10 Loom
14:25 Castle Age
17:38 Wheelbarrow
18:13 Bow Saw
20:11 Gold Mining
20:49 Fervor
22:01 Horse Collar
27:34 Imperial Age
26:01 Hand Cart
25:50 Pikeman
26:16 Arson
27:25 Scale Mail Armor
27:32 Loom
28:41 Conscription
29:31 Sanctity
31:48 Chain Mail Armor
33:25 Halberdier
35:32 Plate Mail Armor
37:09 Gambesons
36:44 Man-at-Arms
38:54 Long Swordsman
41:37 Two-Handed Swordsman
likelisi017
6:05 Feudal Age
11:57 Castle Age
10:06 Horse Collar
10:33 Double-Bit Axe
13:19 Bow Saw
14:57 Heavy Plow
15:51 Wheelbarrow
17:34 Hand Cart
18:17 Loom
20:04 Corvinian Army
22:06 Fervor
22:16 Stone Mining
22:17 Gold Mining
24:34 Gold Shaft Mining
28:15 Imperial Age
27:17 Scale Barding Armor
27:03 Fletching
27:18 Husbandry
27:28 Bloodlines
28:20 Chain Barding Armor
28:20 Elite Magyar Huszar
29:21 Conscription
30:06 Two-Man Saw
30:02 Crop Rotation
30:12 Plate Barding Armor
30:41 Bodkin Arrow
36:01 Recurve Bow
36:31 Ballistics
36:07 Murder Holes
36:48 Bracer
37:08 Masonry
37:58 Chemistry
40:24 Parthian Tactics
40:05 Thumb Ring
40:51 Hoardings
41:18 Padded Archer Armor
44:49 Leather Archer Armor
43:59 Heavy Cavalry Archer
ALX
8:01 Feudal Age
14:05 Castle Age
12:31 Arson
13:55 Double-Bit Axe
14:04 Gold Mining
14:55 Squires
27:58 Imperial Age
26:17 Bow Saw
27:21 Fletching
27:32 Padded Archer Armor
27:19 Crossbowman
28:40 Bodkin Arrow
29:01 Leather Archer Armor
DDDAW
7:03 Feudal Age
12:06 Castle Age
10:25 Double-Bit Axe
10:50 Horse Collar
16:35 Wheelbarrow
20:19 Heavy Plow
20:33 Bow Saw
24:36 Imperial Age
22:29 Gold Mining
22:44 Scale Mail Armor
23:05 Squires
23:48 Hand Cart
24:06 Chain Mail Armor
24:03 Forging
23:48 Town Watch
25:03 First Crusade
24:46 Stone Mining
25:57 Iron Casting
25:45 Conscription
26:42 Plate Mail Armor
27:03 Town Patrol
26:48 Loom
27:51 Crop Rotation
27:28 Arson
27:54 Elite Serjeant
29:53 Blast Furnace
29:52 Stone Shaft Mining
29:55 Gold Shaft Mining
30:38 Stone Shaft Mining
40:26 Hoardings
Delete game
8:11 Feudal Age
8:19 Loom
8:56 Double-Bit Axe
8:53 Horse Collar
14:18 Castle Age
19:05 Bow Saw
18:56 Heavy Plow
25:52 Imperial Age
24:17 Wheelbarrow
23:29 Town Watch
24:12 Caravan
24:28 Forging
24:18 Scale Mail Armor
26:12 Iron Casting
26:49 Chain Mail Armor
26:50 Gold Mining
26:50 Stone Mining
27:58 Hand Cart
27:47 Town Patrol
28:52 Blast Furnace
28:45 Gold Shaft Mining
28:46 Stone Shaft Mining
32:13 Conscription
31:15 Hamask
32:30 Plate Mail Armor
32:17 Squires
32:06 Pikeman
32:31 Arson
32:40 Fletching
32:56 Halberdier
32:57 Elite Varangian Guard
34:45 Masonry
34:40 Siege Engineers
34:31 Murder Holes
34:56 Ballistics
35:37 Chemistry
34:22 Arrowslits
34:35 Bodkin Arrow
34:45 Scale Barding Armor
35:43 Hoardings
34:35 Elite Jomsviking
36:09 Capped Ram
39:42 Bracer
39:51 Heavy Scorpion
42:59 Padded Archer Armor
43:07 Elite Skirmisher
43:28 Siege Ram
Connection lost

Rejoining the realm…

Still unreachable

The connection could not be restored.

Session expired

The server has moved on; the page needs a fresh start.